| TOP OF THE 1ST |
|
Memphis Blues batting - Pitching for Arkansas Travelers : RHP Reginald Jackson
|
|
Pitching: RHP Reginald Jackson
|
|
|
Batting: RHB Mariano Duncan
|
0-0: SINGLE (Line Drive, 6MD, EV 97.5 MPH)
|
|
Batting: LHB John Robbins
|
0-0: Ball 1-0: Foul Ball, location: 2F 1-1: Fielders Choice at 2nd, 4-6 (Groundball, 4, EV 98.1 MPH)
|
|
Batting: LHB David Christianson
|
0-0: Ball John Robbins steals 2nd base (no throw) 1-0: Fly out, F8 (Flyball, 78D, EV 101.9 MPH) Runner from 2nd tags up, SAFE at 3rd with throw by CF
|
|
Batting: RHB Chris James
|
0-0: Ball 1-0: Ball 2-0: Ball 3-0: Base on Balls
|
|
Batting: LHB Don Jacoby
|
0-0: Ball 1-0: Ball 2-0: Foul Ball, location: 2F 2-1: Fly out, F7 (Flyball, 78S, EV 87.5 MPH)
|
| Top of the 1st over - 0 runs, 1 hit, 0 errors, 2 left on base; Memphis 0 - Arkansas 0 |
| BOTTOM OF THE 1ST |
|
Arkansas Travelers batting - Pitching for Memphis Blues : RHP John Beckwith
|
|
Pitching: RHP John Beckwith
|
|
|
Batting: RHB Randy Milligan
|
0-0: Ball 1-0: Foul Ball, location: 2F 1-1: Foul Ball, location: 2F 1-2: Foul Ball, location: 2F 1-2: Reached via error on a dropped throw from SS, E3 (Groundball, 6, EV 85.6 MPH)
|
|
Batting: RHB Dennis Seats
|
0-0: Ball 1-0: Ball 2-0: Ball 3-0: Called Strike 3-1: Called Strike 3-2: Foul Ball, location: 2F 3-2: Fly out, F9 (Flyball, 9, EV 80.0 MPH)
|
|
Batting: LHB Phil Stephenson
|
0-0: Fielders Choice at 2nd, 6-4 (Groundball, 6, EV 90.0 MPH)
|
|
Batting: SHB Bobby Bonilla
|
0-0: Ball 1-0: Called Strike 1-1: Ball 2-1: Called Strike Phil Stephenson steals 2nd base 2-2: Fly out, F8 (Flyball, 8LS, EV 86.3 MPH)
|
| Bottom of the 1st over - 0 runs, 0 hits, 1 error, 1 left on base; Memphis 0 - Arkansas 0 |
| TOP OF THE 2ND |
|
Memphis Blues batting - Pitching for Arkansas Travelers : RHP Reginald Jackson
|
|
Batting: RHB Augustine Garrett
|
0-0: Called Strike 0-1: Ball 1-1: SINGLE (Groundball, 56, EV 84.4 MPH) (infield hit)
|
|
Batting: RHB Dave Penniall
|
0-0: Fly out, F8 (Flyball, 89XD, EV 92.5 MPH) Runner from 1st tags up, SAFE at 2nd
|
|
Batting: RHB Bradley Shames
|
0-0: Called Strike 0-1: Ground out 4-3 (Groundball, 4MS, EV 61.9 MPH) Augustine Garrett to third
|
|
Batting: RHB William Muth
|
0-0: Ball 1-0: Swinging Strike 1-1: Foul Ball, location: 2F 1-2: SINGLE (Groundball, 5D, EV 99.4 MPH) Augustine Garrett scores
|
|
Batting: RHB Mariano Duncan
|
0-0: Ball 1-0: Fly out, F4 (Flyball, 4MD, EV 85.6 MPH)
|
| Top of the 2nd over - 1 run, 2 hits, 0 errors, 1 left on base; Memphis 1 - Arkansas 0 |
| BOTTOM OF THE 2ND |
|
Arkansas Travelers batting - Pitching for Memphis Blues : RHP John Beckwith
|
|
Batting: RHB Denny Gonzalez
|
0-0: Ball 1-0: SOLO HOME RUN (Flyball, 7D, EV 98.1 MPH), Distance : 371 ft
|
|
Batting: SHB Bob Meacham
|
0-0: Ball 1-0: Ball 2-0: Called Strike 2-1: Ball 3-1: Ground out 5-3 (Groundball, 5, EV 86.9 MPH)
|
|
Batting: LHB Terry Byrum
|
0-0: Foul Ball, location: 2F 0-1: Ball 1-1: Called Strike 1-2: Ball 2-2: Foul Ball, location: 2F 2-2: Ball 3-2: Fly out, F4 (Popup, 4D, EV 49.4 MPH)
|
|
Batting: RHB Rob Deer
|
0-0: Ball 1-0: Ground out 6-3 (Groundball, 6S, EV 84.4 MPH)
|
| Bottom of the 2nd over - 1 run, 1 hit, 0 errors, 0 left on base; Memphis 1 - Arkansas 1 |
| TOP OF THE 3RD |
|
Memphis Blues batting - Pitching for Arkansas Travelers : RHP Reginald Jackson
|
|
Batting: LHB John Robbins
|
0-0: Ball 1-0: Swinging Strike 1-1: Swinging Strike 1-2: Strikes out swinging
|
|
Batting: LHB David Christianson
|
0-0: Ball 1-0: Called Strike 1-1: Foul Ball, location: 2F 1-2: Ball 2-2: Ball 3-2: Base on Balls
|
|
Batting: RHB Chris James
|
0-0: Swinging Strike 0-1: Called Strike 0-2: Ball 1-2: Ball 2-2: Strikes out swinging
|
|
Batting: LHB Don Jacoby
|
0-0: Foul Ball, location: 2F 0-1: Foul Ball, location: 2F 0-2: Strikes out looking
|
| Top of the 3rd over - 0 runs, 0 hits, 0 errors, 1 left on base; Memphis 1 - Arkansas 1 |
| BOTTOM OF THE 3RD |
|
Arkansas Travelers batting - Pitching for Memphis Blues : RHP John Beckwith
|
|
Batting: LHB Jesus Marinez
|
0-0: SINGLE (Line Drive, 6M, EV 100.0 MPH)
|
|
Batting: RHB Randy Milligan
|
0-0: SINGLE (Groundball, 34D, EV 96.3 MPH) Jesus Marinez to second Runner from 2nd tries for 3rd, SAFE, throw by RF made to third
|
|
Batting: RHB Dennis Seats
|
0-0: Ball 1-0: Called Strike 1-1: Called Strike 1-2: Strikes out looking
|
|
Batting: LHB Phil Stephenson
|
0-0: Ball 1-0: Foul Ball, location: 2F 1-1: Ball 2-1: Ball 3-1: Foul Ball, location: 2F 3-2: Foul Ball, location: 2F 3-2: Base on Balls Randy Milligan to second
|
|
Batting: SHB Bobby Bonilla
|
0-0: Called Strike 0-1: Foul Ball, location: 2F 0-2: Fly out, F8 (Flyball, 8LS, EV 86.3 MPH)
|
|
Batting: RHB Denny Gonzalez
|
0-0: Ball 1-0: Foul Ball, location: 2F 1-1: Ball 2-1: Ground out 4-3 (Groundball, 4S, EV 68.1 MPH)
|
| Bottom of the 3rd over - 0 runs, 2 hits, 0 errors, 3 left on base; Memphis 1 - Arkansas 1 |
| TOP OF THE 4TH |
|
Memphis Blues batting - Pitching for Arkansas Travelers : RHP Reginald Jackson
|
|
Batting: RHB Augustine Garrett
|
0-0: Called Strike 0-1: Ball 1-1: Called Strike 1-2: Strikes out looking
|
|
Batting: RHB Dave Penniall
|
0-0: Called Strike 0-1: Ball 1-1: Foul Ball, location: 2F 1-2: Ball 2-2: Ball 3-2: Strikes out swinging
|
|
Batting: RHB Bradley Shames
|
0-0: Ball 1-0: Called Strike 1-1: Swinging Strike 1-2: Strikes out swinging
|
| Top of the 4th over - 0 runs, 0 hits, 0 errors, 0 left on base; Memphis 1 - Arkansas 1 |
| BOTTOM OF THE 4TH |
|
Arkansas Travelers batting - Pitching for Memphis Blues : RHP John Beckwith
|
|
Batting: SHB Bob Meacham
|
0-0: SINGLE (Flyball, 8LS, EV 83.8 MPH)
|
|
Batting: LHB Terry Byrum
|
0-0: Foul Ball, location: 2F 0-1: Called Strike 0-2: Fly out, F8 (Flyball, 8RS, EV 80.0 MPH)
|
|
Batting: RHB Rob Deer
|
0-0: Called Strike 0-1: Called Strike 0-2: SINGLE (Flyball, 8RS, EV 90.6 MPH) Bob Meacham to second Runner from 2nd tries for 3rd, SAFE, throw by CF made to third
|
|
Batting: LHB Jesus Marinez
|
0-0: Called Strike 0-1: Foul Ball, location: 2F 0-2: Ball 1-2: Foul Ball, location: 2F 1-2: Ball 2-2: Ball 3-2: Strikes out swinging Rob Deer is caught stealing 2nd base 2-6 Batter strikes out.
|
| Bottom of the 4th over - 0 runs, 2 hits, 0 errors, 1 left on base; Memphis 1 - Arkansas 1 |
| TOP OF THE 5TH |
|
Memphis Blues batting - Pitching for Arkansas Travelers : RHP Reginald Jackson
|
|
Batting: RHB William Muth
|
0-0: Ball 1-0: Ball 2-0: Foul Ball, location: 2F 2-1: Ground out 6-3 (Groundball, 56, EV 86.3 MPH)
|
|
Batting: RHB Mariano Duncan
|
0-0: Called Strike 0-1: Ball 1-1: SINGLE (Line Drive, 89S, EV 108.1 MPH)
|
|
Batting: LHB John Robbins
|
0-0: Ball 1-0: Ball 2-0: Ball 3-0: Called Strike 3-1: Base on Balls Mariano Duncan to second
|
|
Batting: LHB David Christianson
|
0-0: Called Strike 0-1: Ball Mariano Duncan steals 3rd, throwing error, E2 Mariano Duncan scores John Robbins to third 1-1: Fly out, F3 (Popup, 3, EV 71.9 MPH)
|
|
Batting: RHB Chris James
|
0-0: Foul Ball, location: 2F 0-1: Swinging Strike 0-2: Strikes out swinging
|
| Top of the 5th over - 1 run, 1 hit, 1 error, 1 left on base; Memphis 2 - Arkansas 1 |
| BOTTOM OF THE 5TH |
|
Arkansas Travelers batting - Pitching for Memphis Blues : RHP John Beckwith
|
|
Batting: RHB Randy Milligan
|
0-0: Ball 1-0: Ball 2-0: Called Strike 2-1: Ball 3-1: Base on Balls
|
|
Batting: RHB Dennis Seats
|
0-0: Ball 1-0: Called Strike 1-1: Ball 2-1: Foul Ball, location: 2F 2-2: Foul Ball, location: 2F 2-2: Foul Ball, location: 2F 2-2: Foul Ball, location: 2F 2-2: Ball 3-2: Grounds into double play, 4-6-3 (Groundball, 4, EV 85.0 MPH)
|
|
Batting: LHB Phil Stephenson
|
0-0: Ball 1-0: Ball 2-0: Foul Ball, location: 2F 2-1: Ball 3-1: Foul Ball, location: 2F 3-2: Foul Ball, location: 2F 3-2: Base on Balls
|
|
Batting: SHB Bobby Bonilla
|
0-0: Called Strike 0-1: Ball 1-1: Ball 2-1: Ground out 4-3 (Groundball, 4, EV 103.8 MPH)
|
| Bottom of the 5th over - 0 runs, 0 hits, 0 errors, 1 left on base; Memphis 2 - Arkansas 1 |
| TOP OF THE 6TH |
|
Memphis Blues batting - Pitching for Arkansas Travelers : RHP Reginald Jackson
|
|
Batting: LHB Don Jacoby
|
0-0: Ball 1-0: Foul Ball, location: 2F 1-1: Ball 2-1: Called Strike 2-2: Strikes out swinging
|
|
Batting: RHB Augustine Garrett
|
0-0: SINGLE (Groundball, 4M, EV 90.0 MPH) (infield hit)
|
|
Batting: RHB Dave Penniall
|
0-0: Ball 1-0: Foul Ball, location: 2F 1-1: Ball 2-1: Called Strike 2-2: DOUBLE (Line Drive, 3D, EV 108.8 MPH) Augustine Garrett to third
|
|
Batting: RHB Bradley Shames
|
0-0: Ball 1-0: Ball 2-0: Ball 3-0: Base on Balls
|
|
Batting: RHB William Muth
|
0-0: Ball 1-0: Grounds into fielders choice 6-2 (Groundball, 6, EV 105.0 MPH) Dave Penniall to third Bradley Shames to second
|
|
Batting: RHB Mariano Duncan
|
0-0: Ball 1-0: Foul Ball, location: 2F 1-1: Fielders Choice at 2nd, 6-4 (Groundball, 6, EV 83.1 MPH)
|
| Top of the 6th over - 0 runs, 2 hits, 0 errors, 3 left on base; Memphis 2 - Arkansas 1 |
| BOTTOM OF THE 6TH |
|
Arkansas Travelers batting - Pitching for Memphis Blues : RHP John Beckwith
|
|
Pitching: RHP Mark Humphrey
|
|
|
Batting: RHB Denny Gonzalez
|
0-0: Swinging Strike 0-1: Ground out 4-3 (Groundball, 4, EV 103.8 MPH)
|
|
Batting: SHB Bob Meacham
|
0-0: Ball 1-0: Ball 2-0: Called Strike 2-1: Ball 3-1: Ground out 5-3 (Groundball, 56, EV 88.1 MPH)
|
|
Batting: LHB Terry Byrum
|
0-0: DOUBLE (Line Drive, 9LS, EV 88.1 MPH)
|
|
Batting: RHB Rob Deer
|
0-0: Fly out, F6 (Line Drive, 6, EV 73.1 MPH)
|
| Bottom of the 6th over - 0 runs, 1 hit, 0 errors, 1 left on base; Memphis 2 - Arkansas 1 |
| TOP OF THE 7TH |
|
Memphis Blues batting - Pitching for Arkansas Travelers : RHP Reginald Jackson
|
|
Batting: LHB John Robbins
|
0-0: Ball 1-0: Ball 2-0: Ball 3-0: Base on Balls
|
|
Batting: LHB David Christianson
|
0-0: Ball 1-0: Ball 2-0: Foul Ball, location: 2F 2-1: Called Strike 2-2: Ball 3-2: SINGLE (Flyball, 34D, EV 95.6 MPH) John Robbins to second John Robbins to third
|
|
Batting: RHB Chris James
|
0-0: Ball 1-0: Foul Ball, location: 2F 1-1: Ball 2-1: Called Strike 2-2: Strikes out swinging
|
|
Batting: LHB Don Jacoby
|
0-0: Called Strike 0-1: Ball 1-1: Called Strike 1-2: Fly out, F4 (Popup, 34, EV 60.0 MPH)
|
|
Batting: RHB Augustine Garrett
|
0-0: Called Strike 0-1: Foul Ball, location: 2F 0-2: Fly out, F8 (Flyball, 78D, EV 85.0 MPH)
|
| Top of the 7th over - 0 runs, 1 hit, 0 errors, 2 left on base; Memphis 2 - Arkansas 1 |
| BOTTOM OF THE 7TH |
|
Arkansas Travelers batting - Pitching for Memphis Blues : RHP Mark Humphrey
|
|
Batting: LHB Jesus Marinez
|
0-0: Fly out, F7 (Flyball, 7D, EV 76.3 MPH)
|
|
Batting: RHB Randy Milligan
|
0-0: Foul Ball, location: 2F 0-1: Ball 1-1: Swinging Strike 1-2: Ball 2-2: Ground out 1-3 (Groundball, 13S, EV 63.8 MPH)
|
|
Batting: RHB Dennis Seats
|
0-0: TRIPLE (Flyball, 9D, EV 104.4 MPH)
|
|
Batting: LHB Phil Stephenson
|
0-0: Ball 1-0: Ball 2-0: Ball 3-0: Base on Balls
|
|
Batting: SHB Bobby Bonilla
|
0-0: Ball 1-0: DOUBLE (Line Drive, 7LM, EV 109.4 MPH) Dennis Seats scores Phil Stephenson to third Runner from 3rd tries for Home, SAFE, no throw by LF
|
|
Batting: RHB Denny Gonzalez
|
0-0: Ball 1-0: Called Strike 1-1: Swinging Strike 1-2: Ground out 6-3 (Groundball, 6, EV 79.4 MPH)
|
| Bottom of the 7th over - 2 runs, 2 hits, 0 errors, 1 left on base; Memphis 2 - Arkansas 3 |
| TOP OF THE 8TH |
|
Memphis Blues batting - Pitching for Arkansas Travelers : RHP Reginald Jackson
|
|
Batting: RHB Dave Penniall
|
0-0: Ball 1-0: Called Strike 1-1: Ground out 4-3 (Groundball, 4, EV 86.3 MPH)
|
|
Batting: RHB Bradley Shames
|
0-0: Called Strike 0-1: Ball 1-1: Ball 2-1: Swinging Strike 2-2: Strikes out looking
|
|
Batting: RHB William Muth
|
0-0: Ball 1-0: Ball 2-0: Ball 3-0: Base on Balls
|
|
Batting: RHB Mariano Duncan
|
0-0: Ball 1-0: Ball 2-0: Called Strike 2-1: Swinging Strike 2-2: Ball 3-2: Foul Ball, location: 2F 3-2: Foul Ball, location: 2F 3-2: Fly out, F9 (Flyball, 9D, EV 93.1 MPH)
|
| Top of the 8th over - 0 runs, 0 hits, 0 errors, 1 left on base; Memphis 2 - Arkansas 3 |
| BOTTOM OF THE 8TH |
|
Arkansas Travelers batting - Pitching for Memphis Blues : RHP Mark Humphrey
|
|
Batting: SHB Bob Meacham
|
0-0: Called Strike 0-1: Fly out, F8 (Flyball, 8RM, EV 93.1 MPH)
|
|
Batting: LHB Terry Byrum
|
0-0: Called Strike 0-1: Foul Ball, location: 2F 0-2: Ball 1-2: Strikes out swinging
|
|
Batting: RHB Rob Deer
|
0-0: Ball 1-0: Fly out, F8 (Flyball, 89M, EV 85.6 MPH)
|
| Bottom of the 8th over - 0 runs, 0 hits, 0 errors, 0 left on base; Memphis 2 - Arkansas 3 |
| TOP OF THE 9TH |
|
Memphis Blues batting - Pitching for Arkansas Travelers : RHP Reginald Jackson
|
|
Pitching: LHP Claude Brodeur
|
|
|
Now in CF: Alex Duarte
|
|
|
Batting: LHB John Robbins
|
0-0: Ball 1-0: Ball 2-0: Ball 3-0: Base on Balls
|
|
Batting: LHB David Christianson
|
0-0: Ball 1-0: Ball 2-0: Swinging Strike 2-1: Ball 3-1: Swinging Strike 3-2: Base on Balls John Robbins to second
|
|
Batting: RHB Chris James
|
0-0: Called Strike 0-1: Ball 1-1: Swinging Strike 1-2: Ball 2-2: Ball 3-2: Base on Balls John Robbins to third David Christianson to second
|
|
Batting: LHB Don Jacoby
|
0-0: Foul Ball, location: 2F 0-1: Ball 1-1: Called Strike 1-2: Ball Wild Pitch! John Robbins scores David Christianson to third Chris James to second 2-2: Ball 3-2: Fly out, F8 (Flyball, 8LXD, EV 105.6 MPH) Runner from 3rd tags up, SCORES, no throw by CF Chris James to third
|
|
Pitching: RHP Randy Wiens
|
|
|
Batting: RHB Augustine Garrett
|
0-0: SINGLE (Groundball, 56, EV 108.8 MPH) Chris James scores
|
|
Batting: RHB Dave Penniall
|
0-0: Foul Ball, location: 2F 0-1: Ball 1-1: Ball 2-1: Grounds into double play, 4-6-3 (Groundball, 34, EV 88.8 MPH)
|
| Top of the 9th over - 3 runs, 1 hit, 0 errors, 0 left on base; Memphis 5 - Arkansas 3 |
| BOTTOM OF THE 9TH |
|
Arkansas Travelers batting - Pitching for Memphis Blues : RHP Mark Humphrey
|
|
Pitching: RHP Anthony Threatt
|
|
|
Batting: LHB Jesus Marinez
|
0-0: Called Strike 0-1: Ball 1-1: DOUBLE (Line Drive, 9D, EV 94.4 MPH)
|
|
Batting: RHB Randy Milligan
|
0-0: Ball 1-0: Called Strike 1-1: Ball 2-1: Ball 3-1: Base on Balls
|
|
Batting: RHB Dennis Seats
|
0-0: Ball 1-0: Foul Ball, location: 2F 1-1: Foul Ball, location: 2F 1-2: Foul Ball, location: 2F 1-2: Strikes out swinging
|
|
Batting: LHB Phil Stephenson
|
0-0: Ball 1-0: Ball 2-0: Called Strike 2-1: Fly out, F9 (Flyball, 9LM, EV 98.1 MPH)
|
|
Batting: SHB Bobby Bonilla
|
0-0: Called Strike 0-1: Ground out U3 (Groundball, 34, EV 102.5 MPH)
|
| Bottom of the 9th over - 0 runs, 1 hit, 0 errors, 2 left on base; Memphis 5 - Arkansas 3 |
|